 Dungeon Crawl Stone Soup version 0.30.2 (webtiles) character file.

Game seed: 8215188027069925259

5 porpoise the Caller (level 1, 0/10 HPs)
             Began as a Tengu Summoner on Feb 15, 2024.
             Frozen to death by an endoplasm (5 damage)
             ... on level 1 of the Dungeon.
             The game lasted 00:01:00 (230 turns).

porpoise the Caller (Tengu Summoner)                 Turns: 230, Time: 00:01:01

Health: 0/10       AC:  2    Str:  8    XL:     1   Next: 80%
Magic:  3/4        EV: 12    Int: 15    God:
Gold:   19         SH:  0    Dex: 14    Spells: 3/4 levels left

rFire   . . .        a - +0 short sword
rCold   . . .        (no shield)
rNeg    . . .        c - +0 robe
rPois   .            (helmet restricted)
rElec   .            (no cloak)
rCorr   .            (no gloves)
SInv    .            (boots unavailable)
Will    .....        (no amulet)
Stlth   ++           (no ring)
HPRegen 0.21/turn    (no ring)
MPRegen 0.09/turn

%: no passive effects
@: no status effects
A: beak, talons 3
a: no special abilities


You were on level 1 of the Dungeon.
You visited 1 branch of the dungeon, and saw 1 of its levels.

You collected 19 gold pieces.

Inventory:

Hand Weapons
 a - a +0 short sword (weapon)
Armour
 c - a +0 robe (worn)
Potions
 b - a potion of magic
 d - a potion of degeneration {unknown}


   Skills:
 - Level 2.1 Dodging
 - Level 2.0 Stealth
 + Level 2.2 Spellcasting
 + Level 5.0 Summonings


You had 3 spell levels left.
You knew the following spells:

 Your Spells              Type           Power      Damage    Failure   Level
a - Summon Small Mammal   Summ           64%        N/A       2%          1

Your spell library contained the following spells:

 Spells                   Type           Power      Damage    Failure   Level
 Call Imp                 Summ           32%        N/A       4%          2
 Call Canine Familiar     Summ           16%        N/A       9%          3
 Summon Guardian Golem    Hex/Summ       9%         N/A       24%         3
 Summon Lightning Spire   Summ/Air       9%         N/A       61%         4


Dungeon Overview and Level Annotations

Branches:
Dungeon (1/15)

Altars:


Innate Abilities, Weirdness & Mutations

You have a beak for a mouth.
You have claws for feet.


Message History

You hit the rat but do no damage. You claw the rat. You peck the rat.
You kill the rat!
d - a dark potion You swap places.
A dart slug comes into view.
Your rat disappears in a puff of smoke!
Found 9 gold pieces.
Casting: Summon Small Mammal (safe; 3% risk of failure)
Confirm with . or Enter, or press ? or * to list all spells.
Casting: Summon Small Mammal (safe; 3% risk of failure)
Confirm with . or Enter, or press ? or * to list all spells.
You swap places.
Your rat bites the dart slug.
You hit the dart slug but do no damage. You claw the dart slug.
The dart slug is severely wounded.
The dart slug closely misses you.
Your rat bites the dart slug. x2
You hit the dart slug but do no damage. You claw the dart slug.
You kill the dart slug!
Your Summonings skill increases to level 5!
Your rat disappears in a puff of smoke!
Your rat disappears in a puff of smoke!
You now have 19 gold pieces (gained 9).
An endoplasm comes into view.
The endoplasm hits you but does no damage.
You hit the endoplasm but do no damage.
The endoplasm hits you but does no damage.
You hit the endoplasm but do no damage. You claw the endoplasm.
The endoplasm is lightly wounded.
The endoplasm freezes you.
You are frozen.
You hit the endoplasm.
The endoplasm is heavily wounded.
The endoplasm freezes you.
You are frozen.
You are too injured to fight recklessly!
Casting: Summon Small Mammal (safe; 2% risk of failure)
Confirm with . or Enter, or press ? or * to list all spells.
The endoplasm freezes you.
You are frozen.
Ouch! That really hurt!
You die...

#~PPP...PPP~##>#
#~.P.....P.~##.#
#~~~~♣~♣~~~~##.#
######.#######.#
.#......##.# ..#......##.#
####.# #......##.#
#.J..###......#..# # ###@#
#...)...#.## #.#b..#
###.........#
##.##.#.#####...#..(....#
........####...#........#
...##........###.#......#
#.##.#...# #.#......#
...##.....###.###...##
.........#..#...##..#####
.......#....#..###...##...


You could see an endoplasm (ally target) and a friendly bat (summoned).

Vanquished Creatures
  A dart slug (D:1)
  A rat (D:1)
2 creatures vanquished.

Vanquished Creatures (collateral kills)
  A ball python (D:1)
  A frilled lizard (D:1)
  A kobold (D:1)
3 creatures vanquished.

Grand Total: 5 creatures vanquished

Notes
Turn   | Place    | Note
-------+----------+-------------------------------------------
     0 | D:1      | porpoise the Tengu Summoner began the quest for the Orb.
     0 | D:1      | Reached XP level 1. HP: 10/10 MP: 4/4
   164 | D:1      | Reached skill level 5 in Summonings
   230 | D:1      | Frozen to death by an endoplasm

Illustrated notes

Levels and vault maps discovered:
D:1:      ldierk_walled_garden, layout_rooms,
          shapermc_ecumenical_altar_totnotflames

Skill      XL: |  1 |
---------------+----+-----
Summonings     | 5 |  5.0
Dodging        | |  2.1
Stealth        | |  2.0
Spellcasting   | |  2.2

Action                     || total
---------------------------++-------
  Melee: Short sword       ||     6
         Kick              ||     4
         Unarmed           ||     1
         Peck              ||     1
   Cast: Summon Small Mamm ||     8
 Armour: Robe              ||     2
  Dodge: Dodged            ||     5
